 Dungeon Crawl Stone Soup version 0.28.0 (webtiles) character file.

Game seed: 1296889507624062440

26 Crownlay the Insei (level 3, -7/23 HPs)
             Began as an Octopode Transmuter on Feb 17, 2022.
             Engulfed by a cloud of steam (12 damage)
             ... on level 2 of the Dungeon.
             The game lasted 00:02:10 (1548 turns).

Crownlay the Insei (Octopode Transmuter)            Turns: 1548, Time: 00:02:11

Health: -7/23      AC:  1    Str:  9    XL:     3   Next: 8%
Magic:  6/6        EV: 13    Int: 17    God:
Gold:   55         SH:  0    Dex: 12    Spells: 5/6 levels left

rFire   . . .      SeeInvis .   c - +0 dagger (venom)
rCold   . . .      Faith    .   (no shield)
rNeg    . . .      Spirit   .   (helmet restricted)
rPois   .          Reflect  .   (no amulet)
rElec   .          Harm     .   (no ring)
rCorr   .          Rampage  .   (no ring)
Will    .....                   (no ring)
Stlth   ++++......              (no ring)
HPRegen 0.07/turn               (no ring)
MPRegen 0.10/turn               (no ring)
                                (no ring)
                                (no ring)

@: no status effects
A: almost no armour, amphibious, 8 rings, camouflage 1, gelatinous body 1,
nimble swimmer 1, tentacles
a: no special abilities


You were on level 2 of the Dungeon.
You visited 1 branch of the dungeon, and saw 2 of its levels.

You collected 55 gold pieces.

Inventory:

Hand Weapons
 c - a +0 dagger of venom (weapon)
Missiles
 b - a throwing net
Scrolls
 e - a scroll of immolation {unknown}
 f - a scroll of magic mapping {unknown}
 h - a scroll of fear {unknown}
Potions
 a - a potion of berserk rage {unknown}
 d - a potion of mutation {unknown}
 g - a potion of cancellation {unknown}


   Skills:
 - Level 1.0 Fighting
 - Level 2.0 Dodging
 + Level 1.8 Stealth
 + Level 3.1 Unarmed Combat
 + Level 2.4 Spellcasting
 + Level 2.4 Transmutations


You had 5 spell levels left.
You knew the following spells:

 Your Spells              Type           Power      Damage    Failure   Level
a - Beastly Appendage     Tmut           20%        N/A       7%          1

Your spell library contained the following spells:

 Spells                   Type           Power      Damage    Failure   Level
 Wereblood                Tmut           10%        N/A       11%         2
 Spider Form              Tmut/Pois      6%         N/A       32%         3
 Ice Form                 Ice/Tmut       6%         N/A       73%         4


Dungeon Overview and Level Annotations

Branches:
Dungeon (2/15)

Altars:


Innate Abilities, Weirdness & Mutations

You cannot wear most types of armour.
You are amphibious.
You can wear up to eight rings at the same time.
Your skin changes colour to match your surroundings (Stealth+).
Your rubbery body absorbs attacks. (AC +1, EV +1)
You are camouflaged when in or above water. (Stealth+)
You have tentacles for arms and can constrict up to eight enemies at once.


Message History

You kill the giant cockroach!
No target in view!
No target in view!
No target in view!
You see here a giant cockroach corpse.
A quokka comes into view.
A quokka is nearby!
Found a scale mail.
Found 7 gold pieces.
You closely miss the quokka. Your grab misses the quokka.
The quokka barely misses you.
You hit the quokka.
The quokka is poisoned.
Your grab misses the quokka.
The quokka is moderately wounded.
The quokka bites you.
You hit the quokka but do no damage.
The quokka looks as sick as possible!
Your grab misses the quokka. Your squeeze misses the quokka.
The quokka is heavily wounded.
You kill the quokka!
No target in view!
No target in view!
No target in view!
You see here a +0 scale mail.
You now have 53 gold pieces (gained 7).
You see here a +0 scale mail.
You now have 55 gold pieces (gained 2).
Partly explored, can't reach some places.
Partly explored, can't reach some places.
Partly explored, can't reach some places.
Unknown command.
Partly explored, can't reach some places.
Partly explored, can't reach some places.
Really swim into a travel-excluded area?
You are engulfed in a cloud of scalding steam.
Really swim into that cloud of steam?
You are engulfed in a cloud of scalding steam.
You are engulfed in a cloud of scalding steam.
* * * LOW HITPOINT WARNING * * *
You are engulfed in a cloud of scalding steam.
Ouch! That really hurt!
You die...

...####.........#
#....#..........#
##[..........#######
##..........####≈≈#
##.........##§≈≈§####
#.##......###§§≈§≈≈#
####.##......#
##§##≈≈#
.....##......# #§##
### #######......#
#@### #......# ##≈≈#
##.....#####≈######
##.......≈≈≈≈≈...#
####.....≈≈≈....#
#..........###
###......### ########


There were no monsters in sight!

Vanquished Creatures
  A dart slug (D:1)
  A bat (D:1)
  4 endoplasms
  A giant cockroach (D:2)
  2 hobgoblins (D:1)
  A kobold (D:1)
  A quokka (D:2)
  4 ball pythons
  3 goblins (D:1)
  4 rats
22 creatures vanquished.

Notes
Turn   | Place    | Note
-------+----------+-------------------------------------------
     0 | D:1      | Crownlay the Octopode Transmuter began the quest for the
                  | Orb.
     0 | D:1      | Reached XP level 1. HP: 13/13 MP: 3/3
   110 | D:1      | Found a faded altar of an unknown god.
   213 | D:1      | Reached skill level 1 in Stealth
   311 | D:1      | Reached XP level 2. HP: 15/18 MP: 3/5
  1337 | D:2      | Identified the +7 plate armour "Necwuf" {Harm rElec Str-3
                  | Dex+3}
  1368 | D:2      | Reached XP level 3. HP: 23/23 MP: 6/6
  1548 | D:2      | Engulfed by a cloud of steam

Illustrated notes

Levels and vault maps discovered:
D:1:      tarquinn_simple_flora_water_b, layout_basic,
          shapermc_ecumenical_altar_starsandcircs
D:2:      layout_rooms, lemuel_another_geyser

Skill      XL: |  1 |
---------------+----+-----
Stealth        | 1 |  1.8
Fighting       | |  1.0
Dodging        | |  2.0
Unarmed Combat | |  3.1
Spellcasting   | |  2.4
Transmutations | |  2.4

Action                   || total
-------------------------++-------
Melee: Unarmed           ||    30
       Kick              ||    11
       Constrict         ||     9
       Punch             ||     2
       Dagger            ||    14
       Tentacles         ||     3
 Cast: Beastly Appendage ||    11
 Stab: Sleeping          ||     3
Armor: Skin              ||     3
Dodge: Dodged            ||    31
